 Dungeon Crawl Stone Soup version 0.24.0-10-g970556be89 (webtiles) character file.

Game seed: 6088188713077728794, levelgen mode: deterministic

359 Johnny the Slasher (level 6, -2/62 HPs)
             Began as a Troll Berserker on Nov 3, 2019.
             Was a Believer of Trog.
             Slain by a river rat (7 damage)
             ... summoned by Eustachio
             ... on level 4 of the Dungeon.
             The game lasted 00:02:46 (2227 turns).

Johnny the Slasher (Troll Berserker)                Turns: 2227, Time: 00:02:47

Health: -2/62      AC:  6    Str: 28    XL:     6   Next: 37%
Magic:  5/5        EV: 11    Int:  3    God:    Trog [**....]
Gold:   270        SH:  0    Dex:  9    Spells: 5/5 levels left

rFire    . . .     SeeInvis +   a - +0 falchion
rCold    . . .     Gourm    +   (no shield)
rNeg     . . .     Faith    .   b - +0 animal skin
rPois    .         Spirit   .   (helmet restricted)
rElec    .         Reflect  .   (no cloak)
rCorr    .         Harm     .   (gloves unavailable)
MR       +++..                  (boots unavailable)
Stlth    +.........             s - amulet of regeneration
HPRegen  2.00/turn              n - ring of protection from magic
MPRegen  0.09/turn              t - ring of see invisible

@: lethally poisoned (-2 -> -3), berserk cooldown, regenerating, slowed, very
slow
A: large, unfitting armour, claws 3, fast metabolism 3, gourmand, regeneration
1, shaggy fur 1, tough skin 3
a: Berserk, Trog's Hand, Renounce Religion


You were on level 4 of the Dungeon.
You worshipped Trog.
Trog was pleased with you.
You were very full.

You visited 1 branch of the dungeon, and saw 4 of its levels.

You collected 270 gold pieces.

Inventory:

Hand Weapons
 a - a +0 falchion (weapon)
Armour
 b - a +0 animal skin (worn)
Jewellery
 n - a ring of protection from magic (left claw)
 s - an amulet of regeneration (around neck)
 t - a ring of see invisible (right claw)
Wands
 p - a wand of clouds (2)
Scrolls
 d - 2 scrolls of amnesia {unknown}
 e - a scroll of random uselessness {unknown}
 g - 4 scrolls of identify {unknown}
 h - 3 scrolls of teleportation {unknown}
 i - 2 scrolls of immolation {unknown}
 j - 2 scrolls of magic mapping {unknown}
 m - a scroll of fog {unknown}
 o - 2 scrolls of fear {unknown}
Potions
 f - a potion of mutation {unknown}
 k - a potion of resistance {unknown}
 l - a potion of haste {unknown}
 r - a potion of lignification {unknown}
Comestibles
 c - 8 rations
 q - 4 chunks of flesh


   Skills:
 + Level 4.0 Fighting
 + Level 4.0 Long Blades
 + Level 3.9 Dodging


You had 5 spell levels left.
You didn't know any spells.
Your spell library was empty.

Dungeon Overview and Level Annotations

Branches:
Dungeon (4/15)
 Temple: D:4-7

Altars:
Kikubaaqudgha
Qazlal

Annotations:
D:4 Eustachio


Innate Abilities, Weirdness & Mutations

You are too large for most types of armour.
You have claws for hands.
Your metabolism is lightning-fast.
You like to eat raw meat.
Your natural rate of healing is unusually fast.
You are covered in fur. (AC +1)
You have extremely tough skin. (AC +3)


Message History

Eustachio casts a spell.
Eustachio blinks!
The rat closely misses you.
You riposte.
You slash the rat!
You kill the rat!
The rat's corpse disappears in a puff of smoke!
The river rat bites you.
* * * LOW HITPOINT WARNING * * *
You are no longer berserk.
You are exhausted.
You feel yourself slow down.
Eustachio growls, "To hell with you, honourless miscreant!"
Eustachio drinks a potion.
Eustachio is healed!
You feel sick.
Unknown command.
Okay, then.
Your skin crawls.
You feel resistant to hostile enchantments.
You feel somewhat less full.
You feel sick. The river rat bites you.
* * * LOW HITPOINT WARNING * * *
The river rat bites you!
You die...

...............'.......>#
.###.#.###.####...#...).
#.# #.#[....####### # #.#
#.#.###.# #.#.# #...<...#
###.#.#################
#............ ......
#.#.#.######## ......
#..r@....... ......
##.#.#r######### ......
.........r....... ......
####.####..(..... ######
... #.@...... #...
#........ #... #........
. ......... #........


You could see 2 river rats.

Vanquished Creatures
  An ogre (D:4)
  A scorpion (D:4)
  A hound (D:4)
  An orc wizard (D:4)
  2 gnolls (D:1)
  5 adders
  4 oozes
  A worm (D:2)
  5 dart slugs
  3 leopard geckos
  6 orcs
  A bat zombie (D:2)
  A giant cockroach (D:3)
  2 goblins (D:1)
  10 hobgoblins
  2 jackals (D:3)
  6 kobolds
  A ball python skeleton (D:4)
  5 bats
  4 frilled lizards
  7 rats
69 creatures vanquished.

Vanquished Creatures (others)
  An orc wizard (D:3)
1 creature vanquished.

Grand Total: 70 creatures vanquished

Notes
Turn   | Place    | Note
-------+----------+-------------------------------------------
     0 | D:1      | Johnny the Troll Berserker began the quest for the Orb.
     0 | D:1      | Reached XP level 1. HP: 22/22 MP: 0/0
    33 | D:1      | Reached XP level 2. HP: 25/29 MP: 1/1
   396 | D:1      | Reached XP level 3. HP: 33/36 MP: 2/2
   787 | D:2      | Reached XP level 4. HP: 42/45 MP: 3/3
   874 | D:2      | Reached ** piety under Trog
  1227 | D:2      | Found an ancient bone altar of Kikubaaqudgha.
  1832 | D:3      | Reached XP level 5. HP: 53/53 MP: 4/4
  2023 | D:3      | Noticed a water elemental
  2025 | D:3      | Found a stormy altar of Qazlal.
  2026 | D:3      | Noticed a fire elemental
  2026 | D:3      | Noticed an air elemental
  2108 | D:4      | Noticed an ogre
  2113 | D:4      | Killed an ogre
  2147 | D:4      | Reached XP level 6. HP: 58/62 MP: 5/5
  2205 | D:4      | Noticed Eustachio
  2227 | D:4      | Slain by a river rat

Levels and vault maps discovered:
D:1:      minmay_arrival_plants_in_alcoves, layout_loops_ring
D:2:      layout_rooms, lemuel_zombie_altar_kikubaaqudgha, amethyst_killhole,
          due_unseen_surprise
D:3:      layout_basic, nicolae_qazlal_style_of_elements, first_ration
D:4:      layout_basic, old_standard_altar, uniq_eustachio

Skill      XL: |  1  2  3  4  5  6 |
---------------+-------------------+-----
Fighting       | 3 4 |  4.0
Dodging        | 3 |  3.9
Long Blades    | 3 4 |  4.0

Action                   |  1- 3 |  4- 6 || total
-------------------------+-------+-------++-------
Melee: Falchion          |    85 |   148 ||   233
Invok: Berserk           |       |     2 ||     2
       Trog's Hand       |       |     1 ||     1
 Stab: Sleeping          |       |     1 ||     1
  Eat: Chunk             |    12 |    15 ||    27
Armor: Animal skin       |    34 |    57 ||    91
Dodge: Dodged            |    47 |    81 ||   128
       Rpst.: Falchion   |    15 |    22 ||    37
